 Dungeon Crawl Stone Soup version 0.27-a0-860-gaf99fae3ca (webtiles) character file.

Game seed: 1922995014591099749

845 leviel the Slasher (level 8, -5/48 HPs)
             Began as a Gargoyle Fighter on Apr 1, 2021.
             Slain by an ogre
             ... wielding a +0 giant club
              (17 damage)
             ... on level 5 of the Dungeon.
             The game lasted 00:06:27 (6157 turns).

leviel the Slasher (Gargoyle Fighter)               Turns: 6157, Time: 00:06:28

Health: -5/48      AC: 14    Str: 23    XL:     8   Next: 0%
Magic:  8/8        EV:  8    Int:  8    God:
Gold:   75         SH: 11    Dex: 15    Spells: 7/7 levels left

rFire    . . .     SeeInvis .   a - +0 long sword
rCold    . . .     Faith    .   y - +1 kite shield {reflect}
rNeg     + . .     Spirit   .   b - +0 scale mail
rPois    ∞         Reflect  +   n - +0 helmet
rElec    +         Harm     .   (no cloak)
rCorr    .         Rampage  .   (no gloves)
Will     .....                  (no boots)
Stlth    ..........             (no amulet)
HPRegen  0.16/turn              f - +6 ring of dexterity
MPRegen  0.11/turn              (no ring)

@: no status effects
A: AC +5, negative energy resistance 1, electricity resistance, torment
resistance 1, unbreathing 1, petrification resistance
a: no special abilities


You were on level 5 of the Dungeon.
You visited 1 branch of the dungeon, and saw 6 of its levels.
You also visited: Ossuary.

You collected 237 gold pieces.
You spent 162 gold pieces at shops.

Inventory:

Hand Weapons
 a - a +0 long sword (weapon)
Armour
 b - a +0 scale mail (worn)
 c - a +0 kite shield
 n - a +0 helmet (worn)
 y - a +1 kite shield of reflection (worn)
Jewellery
 f - a +6 ring of dexterity (left hand)
 s - a ring of fire
Wands
 q - a wand of flame (17)
 t - a wand of paralysis (10)
 v - a wand of iceblast (5)
Scrolls
 g - 9 scrolls of noise
 h - 2 scrolls of fog
 i - a scroll of enchant armour {unknown}
 l - 2 scrolls of teleportation
 o - 2 scrolls of identify {unknown}
 u - 3 scrolls of fear {unknown}
 x - 3 scrolls of immolation {unknown}
 B - a scroll of summoning {unknown}
Potions
 d - 4 potions of might
 e - 5 potions of flight {unknown}
 j - 5 potions of degeneration {unknown}
 k - 3 potions of mutation {unknown}
 m - 5 potions of lignification {unknown}
 p - a potion of invisibility {unknown}
 r - 4 potions of curing {unknown}
 w - a potion of magic {unknown}
 z - a potion of berserk rage {unknown}
 A - a potion of brilliance {unknown}


   Skills:
 + Level 4.9 Fighting
 + Level 5.5 Long Blades
 + Level 5.2 Armour
 - Level 1.2 Dodging
 - Level 0.4 Stealth
 + Level 5.0 Shields


You had 7 spell levels left.
You didn't know any spells.
Your spell library was empty.

Dungeon Overview and Level Annotations

Branches:
Dungeon (6/15)            Ossuary (visited)
 Temple: D:4-7

Altars:
Fedhas

Shops:
D:6 *[

Annotations:
D:4 3 runed translucent doors, jejorda2's ghost, amateur MfBe
D:5 Sigmund
D:6 Menkaure


Innate Abilities, Weirdness & Mutations

Your stone body is resilient. (AC +5)
You are immune to poison.
You resist negative energy. (rN+)
You are resistant to electric shocks. (rElec)
You are resistant to unholy torment.
You can survive without breathing.
You are immune to petrification.


Message History

The iguana is moderately wounded.
The iguana barely misses you.
You riposte.
You hit the iguana but do no damage.
The iguana is moderately wounded.
You block the iguana's attack.
You closely miss the iguana.
The iguana is moderately wounded.
You block the iguana's attack.
You slash the iguana!
The iguana is almost dead.
The iguana bites you but does no damage.
You hit the iguana.
You kill the iguana!
You have reached level 8!
You feel stronger.
An ogre comes into view. It is wielding a +0 giant club.
The ogre shouts!
An ogre is nearby!
The ogre hits you with a +0 giant club!
You hit the ogre.
The ogre is lightly wounded.
The ogre hits you but does no damage.
You hit the ogre.
The ogre is lightly wounded.
The ogre hits you with a +0 giant club!!
Ouch! That really hurt!
* * * LOW HITPOINT WARNING * * *
You are too injured to fight recklessly!
You are too injured to fight recklessly!
You are too injured to fight recklessly!
You are too injured to fight recklessly!
You are too injured to fight recklessly!
You are too injured to fight recklessly!
You are too injured to fight recklessly!
You are too injured to fight recklessly!
You are too injured to fight recklessly!
You are too injured to fight recklessly!
You hit the ogre.
The ogre is moderately wounded.
The ogre hits you with a +0 giant club!
You die...

........ .......#
#).....# #### #......
....#+########...# .#
.......!.........#####.#
.......................#
.......................#
.......@........†.......
......O........#######.#
.........[..............
....#############.##....
... #######.##.##. ..
.............. #
#######.##.##.
#######....##
#...........#


You could see an ogre.

Vanquished Creatures
  A black bear (D:6)
  An ogre (D:5)
  An ice beast (D:5)
  A phantom (D:4)
  2 centaur zombies (Ossuary)
  A jelly (D:3)
  2 hounds
  2 iguanas
  An orc wizard (D:4)
  A scorpion zombie (D:5)
  A hound skeleton (D:5)
  5 mummies
  A howler monkey zombie (D:3)
  2 adders
  A river rat (D:4)
  2 ufetubi
  2 worms (D:3)
  5 dart slugs
  4 orcs (D:4)
  8 endoplasms
  4 giant cockroaches
  9 goblins
  8 hobgoblins
  6 jackals (D:1)
  4 kobolds
  5 quokkas
  7 ball pythons
  7 bats
  4 frilled lizards
  A goblin zombie (Ossuary)
  A hobgoblin zombie (Ossuary)
  3 kobold zombies (Ossuary)
  3 orc zombies
  6 rats
112 creatures vanquished.

Notes
Turn   | Place    | Note
-------+----------+-------------------------------------------
     0 | D:1      | leviel the Gargoyle Fighter began the quest for the Orb.
     0 | D:1      | Reached XP level 1. HP: 14/14 MP: 1/1
    76 | D:1      | Reached XP level 2. HP: 19/19 MP: 2/2
   270 | D:1      | You fall into a shaft and drop 1 floor!
   270 | D:2      | Found a blossoming altar of Fedhas.
   566 | D:2      | Reached XP level 3. HP: 23/23 MP: 3/3
  1598 | D:1      | Reached XP level 4. HP: 29/29 MP: 4/4
  2316 | D:3      | Reached XP level 5. HP: 21/33 MP: 5/5
  3239 | D:4      | Found a runed translucent gate.
  3258 | D:4      | Found a runed translucent gate.
  3258 | D:4      | Noticed jejorda2's ghost (amateur MfBe)
  3259 | D:4      | Found a runed translucent gate.
  3499 | D:4      | Found a sand-covered staircase.
  3509 | Ossuary  | Entered an ossuary
  3693 | Ossuary  | Reached XP level 6. HP: 30/38 MP: 6/6
  4763 | D:4      | Reached skill level 1 in Dodging
  4763 | D:4      | Reached XP level 7. HP: 23/44 MP: 7/7
  5409 | D:4      | Reached skill level 5 in Long Blades
  5552 | D:4      | You fall into a shaft and drop 2 floors!
  5552 | D:6      | Found Ommuega's Armour Shoppe.
  5567 | D:6      | Found Rurilec's General Store.
  5570 | D:6      | Bought a +1 kite shield of reflection for 162 gold pieces
  5723 | D:6      | Noticed Menkaure
  5748 | D:5      | Entered Level 5 of the Dungeon
  5748 | D:5      | Noticed Sigmund
  5785 | D:5      | Reached skill level 5 in Armour
  5987 | D:5      | Reached skill level 5 in Shields
  6132 | D:5      | Reached XP level 8. HP: 45/48 MP: 8/8
  6157 | D:5      | Slain by an ogre

Illustrated notes

Levels and vault maps discovered:
D:1:      ebering_trefoil_3fold, layout_loops_ring,
          corexii_item_surrounded_by_moat
D:2:      layout_basic, basic_altar, minmay_fractal_squares_5
D:3:      layout_basic, hangedman_decor_push, minmay_fractal_squares_gapless_5
D:4:      layout_layer_cave, ebering_ghost_rock_garden, gup_sewer_entry_bubbles,
          nicolae_ossuary_entry_giza, serial_bayou_lagoon_a, st_stairs_6
D:5:      layout_basic, uniq_edmund, uniq_sigmund
D:6:      layout_basic, minmay_temple_entry_stoned_glass, serial_shops,
          nicolae_shop_competitors_out_of_business, shop, kennysheep_mini_moat,
          shop, minmay_holes, uniq_menkaure

Skill      XL: |  1  2  3  4  5  6  7 |
---------------+----------------------+-----
Long Blades    | 2 3 4 5 |  5.5
Fighting       | 4 |  4.9
Shields        | 4 5 |  5.0
Armour         | 4 5 |  5.2
Dodging        | 1 |  1.2
Stealth        | |  0.4

Action                   |  1- 3 |  4- 6 |  7- 9 || total
-------------------------+-------+-------+-------++-------
Melee: Long sword        |   101 |   194 |    89 ||   384
  Use: Potion            |       |     1 |       ||     1
       Scroll            |       |       |     3 ||     3
Armor: Scale mail        |    70 |   105 |    63 ||   238
Dodge: Dodged            |    40 |    65 |    34 ||   139
Block: Kite shield       |    65 |    95 |    77 ||   237
       Rpst.: Long sword |     9 |    16 |    10 ||    35

Table legend: (Time is in decaauts)
 A = Elapsed time spent in this place.
 B = Non-inter-level travel time spent in this place.
 C = Inter-level travel time spent in this place.
 D = Time resting spent in this place.
 E = Time spent auto-exploring this place.
 F = Levels seen in this place.
 G = Mean time per level.
                   A        B        C        D        E       F      G
               +--------+--------+--------+--------+--------+-----+--------+
         Total |   6359 |   6250 |    109 |   1326 |   3940 |   7 |  908.4 |
       Dungeon |   5439 |   5330 |    109 |    721 |   3730 |   6 |  906.5 |
       Ossuary |    920 |    920 |      0 |    605 |    210 |   1 |  920.0 |
               +--------+--------+--------+--------+--------+-----+--------+

Top non-repeatable levels by time:
     D:4: 1702 daAuts
     D:2: 1313 daAuts
     D:3: 1073 daAuts
 Ossuary: 920 daAuts
     D:1: 727 daAuts
     D:5: 422 daAuts
     D:6: 200 daAuts
